 Dungeon Crawl Stone Soup version 0.25-a0-306-g3faca94 (webtiles) character file.

Game seed: 12707920193440489135, levelgen mode: deterministic

11 Birdy the Skirmisher (level 2, -1/32 HPs)
             Began as an Ogre Monk on Dec 21, 2019.
             Slain by an ogre
             ... wielding a +0 giant club
              (22 damage)
             ... on level 5 of the Dungeon.
             The game lasted 00:01:17 (452 turns).

Birdy the Skirmisher (Ogre Monk)                     Turns: 452, Time: 00:01:17

Health: -1/32      AC:  3    Str: 14    XL:     2   Next: 29%
Magic:  2/2        EV:  8    Int: 11    God:
Gold:   18         SH:  0    Dex: 11    Spells: 1/1 levels left

rFire    . . .     SeeInvis .   a - +0 spear
rCold    . . .     Gourm    .   (no shield)
rNeg     . . .     Faith    .   b - +0 robe
rPois    .         Spirit   .   (helmet restricted)
rElec    .         Reflect  .   (no cloak)
rCorr    +         Harm     .   (gloves unavailable)
MR       .....                  (boots unavailable)
Stlth    ++........             (no amulet)
HPRegen  0.10/turn              d - ring of resist corrosion
MPRegen  0.08/turn              e - -2 ring of evasion (curse)

@: no status effects
A: large, unfitting armour, tough skin 1
a: no special abilities


You were on level 5 of the Dungeon.
You were not hungry.

You visited 1 branch of the dungeon, and saw 5 of its levels.

You collected 18 gold pieces.

Inventory:

Hand Weapons
 a - a +0 spear (weapon)
Armour
 b - a +0 robe (worn)
Jewellery
 d - a ring of resist corrosion (left hand)
 e - a cursed -2 ring of evasion (right hand)
Comestibles
 c - 3 rations


   Skills:
 - Level 4.0 Fighting
 - Level 3.0 Polearms
 - Level 2.6 Dodging
 + Level 2.2 Stealth


You had one spell level left.
You didn't know any spells.
Your spell library was empty.

Dungeon Overview and Level Annotations

Branches:
Dungeon (5/15)
 Temple: D:4-7

Altars:
Kikubaaqudgha
Vehumet

Annotations:
D:2 Jessica


Innate Abilities, Weirdness & Mutations

You are too large for most types of armour.
You have tough skin. (AC +1)


Message History

The adder skeleton is almost destroyed.
The adder skeleton barely misses you.
A worm comes into view.
You hit the adder skeleton.
The adder skeleton is almost destroyed.
The adder skeleton bites you.
You hit the adder skeleton.
You destroy the adder skeleton!
Attack whom?
Press: ? - help, Dir - move target cursor, f - worm
Aim: a worm You reach to attack!
You hit the ogre but do no damage. You hit the ogre.
The ogre is lightly wounded.
The ogre hits you with a +0 giant club.
You hit the ogre.
The ogre is lightly wounded.
The ogre hits you with a +0 giant club!!
Ouch! That really hurt!
You die...

##.....#
#.#
#.....#
#.##
#.#####
#..# #.#
##.##
#.# #..#
#..
##.##
### #..#
##.##
#.@#
##O# .w.
.....
##.....
#......
#.#.##.#
#. .. .#


You could see an ogre and a worm.

Vanquished Creatures
  An adder skeleton (D:5)
  A dart slug (D:1)
  A goblin (D:1)
  A kobold (D:1)
  2 bats (D:1)
  A frilled lizard (D:1)
  A rat (D:1)
8 creatures vanquished.

Notes
Turn   | Place    | Note
-------+----------+-------------------------------------------
     0 | D:1      | Birdy the Ogre Monk began the quest for the Orb.
     0 | D:1      | Reached XP level 1. HP: 24/24 MP: 1/1
    70 | D:1      | Reached XP level 2. HP: 23/32 MP: 2/2
   181 | D:2      | Noticed Jessica
   212 | D:3      | Found an ancient bone altar of Kikubaaqudgha.
   227 | D:4      | Noticed a crimson imp
   250 | D:5      | Entered Level 5 of the Dungeon
   380 | D:5      | Found a radiant altar of Vehumet.
   444 | D:5      | Noticed an ogre
   452 | D:5      | Slain by an ogre

Levels and vault maps discovered:
D:1:      nzn_arrival_crosshair, layout_basic
D:2:      layout_rooms, marbit_many_paths, minmay_quantized, uniq_jessica
D:3:      layout_loops_corners, nicolae_overflow_crystal_walls,
          lemuel_coloured_pillars_altar, cheibrodos_ashenzari_chains,
          minitemple, chequers_serial_rivers_micro_d
D:4:      layout_rooms, grunt_temple_overflow_forces_of_nature, temple_pool_b,
          uniq_menkaure
D:5:      layout_basic, first_ration, basic_altar

Skill      XL: |  1 |
---------------+----+-----
Stealth        | 2 |  2.2
Fighting       | |  4.0
Polearms       | |  3.0
Dodging        | |  2.6

Action                   || total
-------------------------++-------
Melee: Spear             ||    53
  Use: Scroll            ||     2
Armor: Robe              ||    14
Dodge: Dodged            ||    40

Table legend:
 A = Non-vault XP
 B = Vault XP
 C = Vault XP percentage of total XP
 D = Non-vault monster count
 E = Vault monster count
 F = Vault count percentage of total count
                 A         B        C        D         E       F
            +---------+---------+-------+---------+---------+-------
      Total |      17 |       0 |   0.0 |       8 |       0 |   0.0
            +---------+---------+-------+---------+---------+-------
        D:1 |      12 |       0 |   0.0 |       7 |       0 |   0.0
        D:5 |       5 |       0 |   0.0 |       1 |       0 |   0.0
            +---------+---------+-------+---------+---------+-------
